 Dungeon Crawl Stone Soup version 0.25-a0-24-g72dcfe0 (webtiles) character file.

Game seed: 3933690750372067724, levelgen mode: deterministic

267 Ihryk the Ruffian (level 6, -4/61 HPs)
             Began as a Troll Fighter on Oct 16, 2019.
             Killed from afar by an orc wizard (9 damage)
             ... with a puff of flame
             ... on level 4 of the Dungeon.
             The game lasted 00:03:17 (2207 turns).

Ihryk the Ruffian (Troll Fighter)                   Turns: 2207, Time: 00:03:17

Health: -4/61      AC:  6    Str: 25    XL:     6   Next: 0%
Magic:  5/5        EV:  6    Int:  4    God:
Gold:   198        SH:  0    Dex: 11    Spells: 5/5 levels left

rFire    . . .     SeeInvis .     - Unarmed
rCold    . . .     Gourm    +   b - +0 shield
rNeg     . . .     Faith    .   a - +0 robe
rPois    .         Spirit   .   (helmet restricted)
rElec    .         Reflect  .   (no cloak)
rCorr    .         Harm     .   (gloves unavailable)
MR       .....                  (boots unavailable)
Stlth    +.........             (no amulet)
HPRegen  0.60/turn              (no ring)
MPRegen  0.09/turn              (no ring)

@: confused, heavily drained
A: large, unfitting armour, claws 3, fast metabolism 3, gourmand, regeneration
1, shaggy fur 1, tough skin 3
a: no special abilities


You were on level 4 of the Dungeon.
You were very full.

You visited 1 branch of the dungeon, and saw 4 of its levels.

You collected 198 gold pieces.

Inventory:

Missiles
 m - 15 poisoned darts (quivered)
Armour
 a - a +0 robe (worn)
 b - a +0 shield (worn)
Jewellery
 q - an uncursed ring of resist corrosion {unknown}
 y - an uncursed ring of protection from cold {unknown}
Wands
 w - a wand of iceblast (7)
Scrolls
 e - a scroll of immolation {unknown}
 g - 4 scrolls of teleportation {unknown}
 h - 2 scrolls of enchant armour {unknown}
 i - a scroll of magic mapping {unknown}
 k - 7 scrolls of identify {unknown}
 n - a scroll of remove curse {unknown}
 s - a scroll of amnesia {unknown}
Potions
 c - 2 potions of might
 f - a potion of heal wounds {unknown}
 j - a potion of brilliance {unknown}
 o - a potion of flight {unknown}
 p - a potion of mutation {unknown}
 r - a potion of ambrosia {unknown}
 t - 2 potions of curing {unknown}
 u - a potion of invisibility {unknown}
 v - a potion of berserk rage {unknown}
 x - a potion of agility {unknown}
Comestibles
 d - 7 rations


   Skills:
 + Level 3.2(0.7) Fighting
 + Level 3.3(0.7) Dodging
 + Level 3.2(0.7) Shields
 * Level 4.2(1.6) Unarmed Combat


You had 5 spell levels left.
You didn't know any spells.
Your spell library was empty.

Dungeon Overview and Level Annotations

Branches:
Dungeon (4/15)
 Temple: D:4-7

Altars:
Ashenzari
Gozag
Vehumet

Annotations:
D:4 1 transporter, 2tousent's ghost, amateur BaWr


Innate Abilities, Weirdness & Mutations

You are too large for most types of armour.
You have claws for hands.
Your metabolism is lightning-fast.
You like to eat raw meat.
Your natural rate of healing is unusually fast.
You are covered in fur. (AC +1)
You have extremely tough skin. (AC +3)


Message History

You feel drained.
The orc wizard hits you but does no damage.
You miss something.
You hear some strange, mumbled words.
You are more confused.
The orc wizard gestures at you while chanting.
You resist with some effort.
You closely miss the orc wizard.
The orc wizard is almost dead.
Something hits you but does no damage.
You feel drained.
The orc wizard gestures at you while chanting.
You are more confused.
You bump into the rock wall.
Something hits you.
* * * LOW HITPOINT WARNING * * *
You feel drained.
* * * LOW HITPOINT WARNING * * *
The orc priest calls down the wrath of Beogh upon you.
The orc wizard points at you and mumbles some strange words.
The puff of flame hits you!
You die...

# ... #..#
# .## #..#
# #..#
#..#
...####..#
.........#
#..####$.#
#...[..o.#
....####@#
## #{#


#or #..# #..# #..# #... ##.# You could see an orc priest, an orc wizard and a
quokka.

Vanquished Creatures
  A howler monkey (D:2)
  An orc priest (D:4)
  Terence (D:3)
  5 gnolls
  4 adders
  3 oozes
  5 dart slugs (D:1)
  An orc (D:3)
  8 bats
  3 giant cockroaches
  2 goblins (D:1)
  10 hobgoblins
  8 jackals
  2 kobolds
  A quokka (D:2)
  3 ball pythons (D:3)
  6 frilled lizards
  6 rats
70 creatures vanquished.

Notes
Turn   | Place    | Note
-------+----------+-------------------------------------------
     0 | D:1      | Ihryk the Troll Fighter began the quest for the Orb.
     0 | D:1      | Reached XP level 1. HP: 22/22 MP: 0/0
    55 | D:1      | Reached XP level 2. HP: 27/29 MP: 1/1
   278 | D:1      | Reached XP level 3. HP: 29/36 MP: 2/2
   873 | D:2      | Reached skill level 3 in Unarmed Combat
   873 | D:2      | Reached XP level 4. HP: 20/44 MP: 3/3
  1084 | D:2      | Found a shattered altar of Ashenzari.
  1085 | D:2      | Found a radiant altar of Vehumet.
  1395 | D:3      | Reached XP level 5. HP: 49/53 MP: 4/4
  1412 | D:3      | Noticed Terence
  1423 | D:3      | Killed Terence
  1541 | D:3      | Reached skill level 4 in Unarmed Combat
  1867 | D:3      | Found an opulent altar of Gozag.
  2122 | D:4      | Found a transporter.
  2124 | D:4      | Noticed 2tousent's ghost (amateur BaWr)
  2190 | D:4      | Reached XP level 6. HP: 51/61 MP: 5/5
  2207 | D:4      | Killed from afar by an orc wizard

Levels and vault maps discovered:
D:1:      minmay_arrival_shoal_huts, layout_basic, serial_glass,
          glass_columns_b, glass_columns_c
D:2:      layout_rooms, grunt_temple_overflow_open, first_ration
D:3:      layout_loops_ring, nicolae_overflow_crystal_walls,
          saegor_snake_ambush, uniq_terence
D:4:      layout_loops_ring, minmay_temple_entry_mist,
          gammafunk_ghost_mausoleum, portal_sewer_entry_b

Skill      XL: |  1  2  3  4  5 |
---------------+----------------+-----
Unarmed Combat | 3 4 |  4.2
Fighting       | 3 |  3.2
Dodging        | 3 |  3.3
Shields        | 3 |  3.2

Action                   |  1- 3 |  4- 6 || total
-------------------------+-------+-------++-------
Melee: Unarmed           |    73 |   125 ||   198
  Eat: Chunk             |    13 |    12 ||    25
Armor: Robe              |    37 |    40 ||    77
Dodge: Dodged            |    19 |    31 ||    50
Block: Shield            |    46 |    47 ||    93

Table legend:
 A = Non-vault XP
 B = Vault XP
 C = Vault XP percentage of total XP
 D = Non-vault monster count
 E = Vault monster count
 F = Vault count percentage of total count
                 A         B        C        D         E       F
            +---------+---------+-------+---------+---------+-------
      Total |     329 |      53 |  13.9 |      65 |       5 |   7.1
            +---------+---------+-------+---------+---------+-------
        D:1 |      70 |       0 |   0.0 |      26 |       0 |   0.0
        D:2 |     109 |       0 |   0.0 |      15 |       0 |   0.0
        D:3 |     109 |      53 |  32.7 |      23 |       5 |  17.9
        D:4 |      41 |       0 |   0.0 |       1 |       0 |   0.0
            +---------+---------+-------+---------+---------+-------
